 Dungeon Crawl Stone Soup version 0.18-a0-1721-gc4d1f22 (webtiles) character file.

3 Implojin the Insei (level 1, 0/18 HPs)
             Began as a Mummy Monk on Apr 9, 2016.
             Slain by a kobold
             ... wielding a +0 short sword
              (4 damage)
             ... on level 1 of the Dungeon.
             The game lasted 00:00:36 (189 turns).

Implojin the Insei (Mummy Monk)                      Turns: 189, Time: 00:00:37

Health: 0/18       AC:  0    Str: 14    XL:     1   Next: 41%
Magic:  1/1        EV: 13    Int:  9    God:
Gold:   17         SH:  0    Dex: 14    Spells: 0 memorised, 0 levels left

rFire  x . .     SeeInvis .       - Unarmed
rCold  + . .     Gourm    .     (no armour)
rNeg   + + +     Faith    .     (no shield)
rPois  ∞         Spirit   .     (no helmet)
rElec  .         Dismiss  .     (no cloak)
rCorr  .         Reflect  .     (no gloves)
SustAt .         Harm     .     (no boots)
MR     .....                    (no amulet)
Stlth  ++........               (no ring)
                                (no ring)

@: not resistant to hostile enchantments, unstealthy
A: no food or potions, fire vulnerability, cold resistance 1, negative energy
resistance 3, torment resistance, unbreathing
a: no special abilities


You were on level 1 of the Dungeon.
You were not hungry.

You visited 1 branch of the dungeon, and saw 1 of its levels.

You collected 17 gold pieces.

Inventory:

Armour
 a - a +0 robe
Scrolls
 c - a scroll of fear {unknown}
Comestibles
 b - a beef jerky (quivered)


   Skills:
 - Level 3.0 Fighting
 - Level 2.4 Dodging
 - Level 1.5 Stealth
 * Level 3.4 Unarmed Combat


You couldn't memorise any spells.
You didn't know any spells.

Dungeon Overview and Level Annotations

Branches:
Dungeon (1/15)

Altars:


Innate Abilities, Weirdness & Mutations

You do not eat or drink.
Your flesh is vulnerable to fire.
You are immune to poison.
Your flesh is cold resistant.
You are immune to negative energy.
You are immune to unholy pain and torment.
You can survive without breathing.


Message History

b - a beef jerky Quiver which item? (- for none, * to show all) (? for menu, Esc to quit)
Quivering
b - a beef jerky for throwing.
The hobgoblin barely misses you.
You hit the hobgoblin.
You kill the hobgoblin!
You see here a hobgoblin corpse.
c - a scroll labeled DUGAASAENI A giant gecko comes into view.
A giant gecko is nearby!
A giant gecko is nearby!
Found a scroll labeled HAWISIVIESO.
Found a stone staircase leading down.
The helpless giant gecko fails to defend itself.
You hit the giant gecko.
The giant gecko is moderately wounded.
The giant gecko closely misses you.
You hit the giant gecko but do no damage.
The giant gecko is moderately wounded.
The giant gecko closely misses you. The giant gecko bites you.
You hit the giant gecko.
The giant gecko is almost dead.
The giant gecko bites you.
You hit the giant gecko.
You kill the giant gecko!
A kobold comes into view. It is wielding a short sword.
Found a stone staircase leading down.
The kobold shouts!
You see here a scroll labeled HAWISIVIESO.
The kobold hits you with a short sword.
* * * LOW HITPOINT WARNING * * *
You closely miss the kobold. The kobold hits you with a short sword.
* * * LOW HITPOINT WARNING * * *
The kobold closely misses you. The kobold hits you with a short sword.
* * * LOW HITPOINT WARNING * * *
You see here a hobgoblin corpse.
A rat comes into view.
The rat moves out of view.
The kobold hits you with a short sword.
You die...

#..............##...#..
#.######.......##...#..
#.# #.......####.#..
#.#### #.......# #.#..
#....###.......# #.#..
#.........# #.#..
#.#..##.#.# #.#..
#.#..##K#.# #.#..
#.#..†@.#.# #.#
#.#.##..#.# #.#
#.#.##..#.# #######.#
#.........###.......#
######........#######
##########


You could see a kobold.

Vanquished Creatures
  A giant gecko (D:1)
  A hobgoblin (D:1)
2 creatures vanquished.

Notes
Turn   | Place    | Note
--------------------------------------------------------------
     0 | D:1      | Implojin the Mummy Monk began the quest for the Orb.
     0 | D:1      | Reached XP level 1. HP: 18/18 MP: 1/1
   189 | D:1      | Slain by a kobold

Vault maps used:
D:1:      dpeg_arrival_triangle_fractal, minmay_misc_feat_tower

Action                   || total
-------------------------++-------
Melee: Unarmed           ||     6
 Stab: Sleeping          ||     1

Table legend:
 A = Turns spent in this place as a percentage of turns spent in the entire game.
 B = Non-inter-level travel turns spent in this place as a percentage of non-inter-level travel turns spent in the entire game.
 C = Inter-level travel turns spent in this place as a percentage of turns spent in this place.
 D = Turns resting spent in this place as a percentage of non-inter-level travel turns spent in this place.
 E = Turns spent auto-exploring this place as a percentage of non-inter-level travel turns spent in this place.
 F = Non-inter-level travel turns spent in this place divided by the number of levels of this place that you've seen.
                   A       B       C       D       E      F
               +-------+-------+-------+-------+-------+----------------------
         Total | 100.0 | 100.0 |   0.0 |   0.0 |   3.2 | 126.0
       Dungeon | 100.0 | 100.0 |   0.0 |   0.0 |   3.2 | 126.0
               +-------+-------+-------+-------+-------+----------------------

Table legend:
 A = Kills in this place as a percentage of kills in entire the game.
 B = Kills by you in this place as a percentage of kills by you in the entire game.
 C = Kills by friends in this place as a percentage of kills by friends in the entire game.
 D = Other kills in this place as a percentage of other kills in the entire game.
 E = Experience gained in this place as a percentage of experience gained in the entire game.
 F = Experience gained in this place divided by the number of levels of this place that you have seen.
                   A       B       C       D       E      F
               +-------+-------+-------+-------+-------+----------------------
         Total | 100.0 | 100.0 |  -nan |  -nan | 100.0 |   5.0
       Dungeon | 100.0 | 100.0 |  -nan |  -nan | 100.0 |   5.0
               +-------+-------+-------+-------+-------+----------------------
